 Dungeon Crawl Stone Soup version 0.31-a0-1144-g99969ba1bc (webtiles) character file.

Game seed: 14650694283803456094

8 Milesaru the Grave Robber (level 2, -1/19 HPs)
             Began as a Demonspawn Necromancer on Dec 6, 2023.
             Slain by a quokka (2 damage)
             ... on level 2 of the Dungeon.
             The game lasted 00:01:51 (276 turns).

Milesaru the Grave Robber (Demonspawn Necromancer)   Turns: 276, Time: 00:01:53

Health: -1/19      AC:  2    Str:  8    XL:     2   Next: 0%
Magic:  5/5        EV: 12    Int: 15    God:
Gold:   17         SH:  0    Dex: 13    Spells: 4/5 levels left

rFire   . . .        (no weapon)
rCold   . . .        (no shield)
rNeg    . . .        a - +0 robe
rPois   .            (helmet restricted)
rElec   .            (no cloak)
rCorr   .            (no gloves)
SInv    .            (no boots)
Will    .....        (no amulet)
Stlth   ++           (no ring)
HPRegen 0.23/turn    (no ring)
MPRegen 0.09/turn

%: no passive effects
@: no status effects
A: antennae 1
a: no special abilities


You were on level 2 of the Dungeon.
You visited 1 branch of the dungeon, and saw 2 of its levels.

You collected 17 gold pieces.

Inventory:

Armour
 a - a +0 robe (worn)
Jewellery
 e - a +6 ring of strength
Scrolls
 d - a scroll of teleportation {unknown}
 f - 3 scrolls of fog {unknown}
Potions
 b - a potion of magic
 c - a potion of degeneration {unknown}
 g - a potion of brilliance {unknown}


   Skills:
 + Level 1.8 Dodging
 + Level 1.8 Stealth
 + Level 2.1 Spellcasting
 + Level 4.7 Necromancy


You had 4 spell levels left.
You knew the following spells:

 Your Spells              Type           Power      Damage    Failure   Level
a - Necrotise             Necr           60%        1d7       3%          1

Your spell library contained the following spells:

 Spells                   Type           Power      Damage    Failure   Level
 Vampiric Draining        Necr           15%        2d7       10%         3
 Animate Dead             Necr           15%        N/A       30%         4
 Agony                    Necr           15%        N/A       65%         5


Dungeon Overview and Level Annotations

Branches:
Dungeon (2/15)

Altars:


Innate Abilities, Weirdness & Mutations

You have a pair of small antennae on your head.


Message History

A pair of antennae grows on your head!
Sorry, you're not good enough to have a special ability.
There is a stone staircase leading down here.
You climb downwards.
Found 12 gold pieces.
Found an escape hatch in the ceiling.
There is a stone staircase leading up here.
A worm and a quokka come into view.
The quokka bites you. The quokka barely misses you.
You miss the quokka.
The quokka bites you but does no damage.
The quokka barely misses you. The quokka completely misses you.
The quokka attacks as it pursues you! The quokka bites you.
You barely miss the worm. The quokka bites you. The quokka barely misses you.
The worm bites you.
You hit the worm but do no damage. The quokka closely misses you.
You hit the worm.
The worm is lightly wounded.
The quokka bites you but does no damage.
The worm barely misses you.
You hit the worm.
The worm is lightly wounded.
The quokka misses you.
You hit the worm.
The worm is moderately wounded.
The quokka bites you. The worm closely misses you.
You hit the worm but do no damage.
The worm is lightly wounded.
The quokka bites you. x2
* * * LOW HITPOINT WARNING * * *
The worm bites you.
* * * LOW HITPOINT WARNING * * *
You barely miss the worm.
The worm is lightly wounded.
The quokka bites you.
* * * LOW HITPOINT WARNING * * *
You hit the worm.
The worm is lightly wounded.
The quokka bites you.
You die...

#.....+ #.....#
######
#.....#####....#
#.....#........#
#.....#....$...#
#.....#....r@w.#
#...........#
#<..........#
##..........#
#...##+#####
#..... #....<..
.........
##########


You could see a worm and a quokka.

Vanquished Creatures
  A bat (D:1)
  An endoplasm (D:1)
  2 quokkas (D:1)
  A frilled lizard (D:1)
  A rat (D:1)
6 creatures vanquished.

Vanquished Creatures (collateral kills)
  A bat (D:1)
1 creature vanquished.

Grand Total: 7 creatures vanquished

Notes
Turn   | Place    | Note
-------+----------+-------------------------------------------
     0 | D:1      | Milesaru the Demonspawn Necromancer began the quest for the
                  | Orb.
     0 | D:1      | Reached XP level 1. HP: 13/13 MP: 3/3
   254 | D:1      | Gained mutation: You have a pair of small antennae on your
                  | head. [demonic ancestry]
   254 | D:1      | Reached XP level 2. HP: 19/19 MP: 3/5
   276 | D:2      | Slain by a quokka

Illustrated notes

Levels and vault maps discovered:
D:1:      nzn_arrival_settlement, layout_basic, minmay_tromino_v7
D:2:      layout_basic, uniq_sigmund

Action                     || total
---------------------------++-------
  Melee: Unarmed           ||    25
   Cast: Necrotise         ||    10
 Armour: Robe              ||    29
  Dodge: Dodged            ||    28

Table legend: (Time is in decaauts)
 A = Elapsed time spent in this place.
 B = Non-inter-level travel time spent in this place.
 C = Inter-level travel time spent in this place.
 D = Time resting spent in this place.
 E = Time spent auto-exploring this place.
 F = Levels seen in this place.
 G = Mean time per level.
                   A        B        C        D        E       F      G
               +--------+--------+--------+--------+--------+-----+--------+
         Total |    275 |    275 |      0 |     24 |    145 |   2 |  137.5 |
       Dungeon |    275 |    275 |      0 |     24 |    145 |   2 |  137.5 |
               +--------+--------+--------+--------+--------+-----+--------+

Top non-repeatable levels by time:
     D:1: 259 daAuts
     D:2: 16 daAuts
